 Dungeon Crawl Stone Soup version 0.19.5 (webtiles) character file.

127 Inarius the Covered (level 4, -3/40 HPs)
             Began as a Minotaur Fighter on Apr 20, 2017.
             Killed by nerve-wracking pain
             ... invoked by Grinder
              (12 damage)
             ... on level 3 of the Dungeon.
             The game lasted 00:05:35 (1705 turns).

Inarius the Covered (Minotaur Fighter)              Turns: 1705, Time: 00:05:36

Health: -3/40      AC:  6    Str: 21    XL:     4   Next: 85%
Magic:  3/3        EV:  8    Int:  5    God:
Gold:   140        SH:  9    Dex: 10    Spells: 0 memorised, 3 levels left

rFire  . . .     SeeInvis .     i - +2 short sword (drain)
rCold  . . .     Gourm    .     n - +0 ring mail
rNeg   . . .     Faith    .     c - +0 shield
rPois  .         Spirit   .     (helmet restricted)
rElec  .         Reflect  .     (no cloak)
rCorr  .         Harm     .     (no gloves)
MR     .....                    (no boots)
Stlth  ..........               (no amulet)
                                (no ring)
                                (no ring)

@: no status effects
A: retaliatory headbutt, horns 2
a: no special abilities


You were on level 3 of the Dungeon.
You were not hungry.

You visited 1 branch of the dungeon, and saw 3 of its levels.

You collected 140 gold pieces.

Inventory:

Hand Weapons
 a - a +0 long sword
 i - a +2 short sword of draining (weapon)
Missiles
 m - 3 tomahawks (quivered)
Armour
 c - a +0 shield (worn)
 n - a +0 ring mail (worn)
Scrolls
 b - a scroll of fear {unknown}
 g - 2 scrolls of teleportation {unknown}
 h - 2 scrolls of remove curse {unknown}
 j - 2 scrolls of identify {unknown}
 k - a scroll of recharging {unknown}
Potions
 d - a potion of might
 e - a potion of curing {unknown}
 o - a potion of brilliance {unknown}
 p - a potion of heal wounds {unknown}
Comestibles
 f - 3 bread rations
 l - 7 chunks of flesh


   Skills:
 + Level 4.2 Fighting
 + Level 0.7(2.1) Short Blades
 + Level 3.4(3.5) Long Blades
 + Level 4.7 Armour
 + Level 0.9 Dodging
 + Level 4.6 Shields


You had 3 spell levels left.
You didn't know any spells.

Dungeon Overview and Level Annotations

Branches:
Dungeon (3/15)

Altars:
Kikubaaqudgha
Uskayaw

Annotations:
D:3 Grinder


Innate Abilities, Weirdness & Mutations

You reflexively headbutt those who attack you in melee.
You have a pair of horns on your head.


Message History

You closely miss Grinder. You headbutt Grinder!
Grinder is lightly wounded.
Grinder hits you!
You hit Grinder. You headbutt Grinder.
Grinder is heavily wounded.
Grinder gestures at you. Pain shoots through your body!
Grinder gestures at you.
You suddenly lose the ability to move!
Grinder hits you. x2
You writhe in agony.
* * * LOW HITPOINT WARNING * * *
Grinder gestures at you. You resist with significant effort.
You can move again.
You hit Grinder but do no damage.
Grinder is heavily wounded.
Grinder gestures at you. Pain shoots through your body!
You die...

........## #..##.......#
.........#### #..........##
..........).#######.###.......#
.......#..#..)..((............###
)......##..########.....)........
##########..## #...........###
##..### #..............
##...####...........###
###..@5..(.........#
#####............###
#.............). #..(.........##.
#.#..######.^### #5#..# #...
....... #.#. #.# )#.# #<.. #.#
...ยง. ..#.#


You could see Grinder.

Vanquished Creatures
  A hound (D:3)
  3 adders (D:2)
  3 oozes
  A worm (D:2)
  A dart slug (D:2)
  2 leopard geckos
  2 orcs (D:3)
  5 bats
  A giant cockroach (D:1)
  8 goblins
  7 hobgoblins
  3 jackals (D:1)
  6 kobolds
  2 frilled lizards
  4 rats
49 creatures vanquished.

Notes
Turn   | Place    | Note
-------+----------+-------------------------------------------
     0 | D:1      | Inarius the Minotaur Fighter began the quest for the Orb.
     0 | D:1      | Reached XP level 1. HP: 19/19 MP: 0/0
    95 | D:1      | Reached XP level 2. HP: 27/27 MP: 1/1
   601 | D:2      | Found an ancient bone altar of Kikubaaqudgha.
   651 | D:2      | Reached XP level 3. HP: 30/33 MP: 2/2
  1215 | D:2      | Found a hide-covered altar of Uskayaw.
  1215 | D:2      | Found a faded altar of an unknown god.
  1222 | D:2      | Found a faded altar of an unknown god.
  1229 | D:2      | Reached XP level 4. HP: 40/40 MP: 3/3
  1231 | D:2      | Found a faded altar of an unknown god.
  1232 | D:2      | Found a faded altar of an unknown god.
  1691 | D:3      | Noticed Grinder
  1693 | D:3      | Paralysed by Grinder for 3 turns
  1702 | D:3      | Paralysed by Grinder for 3 turns
  1705 | D:3      | Killed from afar by Grinder

Skill      XL: |  1  2  3 |
---------------+----------+-----
Fighting       | 4 |  4.2
Armour         | 4 |  4.7
Shields        | 4 |  4.6
Long Blades    | 3 |  3.4
Short Blades   | |  0.7
Dodging        | |  0.9

Action                   |  1- 3 |  4- 6 || total
-------------------------+-------+-------++-------
Melee: Long sword        |    36 |       ||    36
       Headbutt          |    13 |     9 ||    22
       Short sword       |    45 |    46 ||    91
Throw: Tomahawk          |       |     1 ||     1
  Eat: Chunk             |     1 |     2 ||     3
Armor: Scale mail        |    31 |       ||    31
       Ring mail         |     4 |    10 ||    14
Dodge: Dodged            |    25 |    16 ||    41
Block: Shield            |    28 |    15 ||    43
